 Dungeon Crawl Stone Soup version 0.31.0-9-g3a7656b989 (webtiles) character file.

Game seed: 3791791197510738196

116 qw the Shooter (level 4, 0/23 HPs)
             Began as a Spriggan Hunter on Feb 2, 2024.
             Killed from afar by an orc wizard (9 damage)
             ... with a magic dart
             ... on level 4 of the Dungeon.
             The game lasted 00:00:08 (2251 turns).

qw the Shooter (Spriggan Hunter)                    Turns: 2251, Time: 00:00:09

Health: 0/23       AC:  2    Str:  7    XL:     4   Next: 69%
Magic:  5/5        EV: 20    Int: 10    God:
Gold:   140        SH:  0    Dex: 20    Spells: 3/3 levels left

rFire   . . .        a - +1 shortbow
rCold   . . .        (shield currently unavailable)
rNeg    . . .        c - +0 robe
rPois   .            (helmet restricted)
rElec   .            (no cloak)
rCorr   +            (gloves unavailable)
SInv    +            (boots unavailable)
Will    +....        (no amulet)
Stlth   ++           d - ring of willpower
HPRegen 0.23/turn    i - ring of resist corrosion
MPRegen 0.09/turn

%: no passive effects
@: very quick
A: very small, no large weapons, unfitting armour, see invisible, speed 3
a: no special abilities


You were on level 4 of the Dungeon.
You visited 1 branch of the dungeon, and saw 4 of its levels.

You collected 140 gold pieces.


Innate Abilities, Weirdness & Mutations

You are very small and have problems with some larger weapons.
You are too small for most types of armour.
You have supernaturally acute eyesight. (SInv)
You cover ground extremely quickly. (Speed+++)


   Skills:
 + Level 1.9 Fighting
 - Level 5.0 Ranged Weapons
 - Level 5.0 Dodging
 - Level 1.5 Stealth


You had 3 spell levels left.
You didn't know any spells.
Your spell library was empty.

Inventory:

Hand Weapons
 a - a +1 shortbow (weapon)
Armour
 c - a +0 robe (worn)
Jewellery
 d - a ring of willpower (left hand)
 e - a ring of fire
 i - a ring of resist corrosion (right hand)
Potions
 b - a potion of curing {unknown}
 f - 2 potions of haste
 h - a potion of enlightenment

Dungeon Overview and Level Annotations

Branches:
Dungeon (4/15)
 Temple: D:4-7

Altars:
Gozag


Message History

You kill the orc!
You shoot an arrow. The arrow hits the orc.
The orc is heavily wounded.
The orc completely misses you.
You shoot an arrow. The arrow hits the orc.
The orc is severely wounded.
The orc barely misses you.
You shoot an arrow. The arrow hits the orc.
You kill the orc!
The hound misses you.
You shoot an arrow. The arrow closely misses the hound.
The arrow closely misses the orc wizard.
The hound bites you. The hound misses you.
You shoot an arrow. The arrow completely misses the hound.
The arrow misses the orc wizard.
The hound completely misses you.
The orc wizard gestures wildly while chanting.
The orc wizard flickers and vanishes for a moment.
You shoot an arrow. The arrow barely misses the hound.
The arrow hits the orc wizard.
The orc wizard is heavily wounded.
The hound misses you. x2
You shoot an arrow. The arrow hits the hound!
The hound is moderately wounded.
The hound bites you. x2
You shoot an arrow.
The arrow hits the hound but does no damage.
The hound is moderately wounded.
The hound completely misses you.
You shoot an arrow. The arrow hits the hound.
The hound is heavily wounded.
The hound bites you. x2
You shoot an arrow. The arrow hits the hound.
The hound is heavily wounded.
The hound misses you. The hound barely misses you.
You shoot an arrow. The arrow hits the hound!
You kill the hound!
The orc wizard gestures at you while chanting.
The magic dart hits you!
You die...

####.~~~~..##...#
...........##...#
####.......##...#
####..#######...#
......#######...####.#
.###.................#
.................###.
....##.##?..#.##.#
....# .###..#.##@#
....# ##.#.##)###.###
..... #.....o.......
....# ###>..)....###
... #...).##.# ..#
#.##).# # ..# #. ..>#
..##### # .#.# ......#
. .#


You could see an orc wizard (invisible).

Vanquished Creatures
  A hound (D:4)
  3 adders
  4 dart slugs
  4 ribbon worms
  8 orcs
  6 endoplasms
  A giant cockroach (D:1)
  6 goblins
  6 hobgoblins
  4 quokkas
  5 ball pythons
  3 bats
  A frilled lizard (D:3)
  5 kobolds
  6 rats
63 creatures vanquished.

Notes
Turn   | Place    | Note
-------+----------+-------------------------------------------
     0 | D:1      | qw the Spriggan Hunter began the quest for the Orb.
     0 | D:1      | Reached XP level 1. HP: 10/10 MP: 2/2
     0 | D:1      | 0 ||| qw: Version: 0.3-a-155-g5e7d8dd
     0 | D:1      | 0 ||| qw: Game counter: 1306
     0 | D:1      | 0 ||| qw: Melee chars always use a shield: true
     0 | D:1      | 0 ||| qw: God list: Okawaru
     0 | D:1      | 0 ||| qw: Allow faded altars: false
     0 | D:1      | 0 ||| qw: Do Orc after clearing Dungeon:15 true
     0 | D:1      | 0 ||| qw: Do second Lair branch before Depths: true
     0 | D:1      | 0 ||| qw: Lair rune preference: random
     0 | D:1      | 0 ||| qw: Goals: Normal
     0 | D:1      | 0 ||| PLANNING D:1-11
    24 | D:1      | Reached skill level 3 in Dodging
   122 | D:1      | Reached XP level 2. HP: 14/14 MP: 3/3
   709 | D:1      | 709 ||| READING scroll labelled UTA SIQEHA.
   709 | D:1      | 709 ||| IDENTIFYING lumpy inky potion
   710 | D:1      | 710 ||| READING scroll labelled IJYOPI FOQOINT.
   710 | D:1      | Identified a scroll of acquirement
   710 | D:1      | 710 ||| ACQUIRING ring of fire
   710 | D:1      | Acquired a ring of fire
   712 | D:1      | 712 ||| READING scroll labelled YGUNLIMNEX.
   713 | D:1      | 713 ||| DROPPING scroll of butterflies.
   714 | D:1      | 714 ||| DROPPING potion of degeneration.
   776 | D:2      | Reached XP level 3. HP: 18/18 MP: 4/4
  1030 | D:2      | Reached XP level 4. HP: 11/22 MP: 5/5
  1261 | D:2      | 1261 ||| UPGRADING to ring of willpower.
  1262 | D:2      | 1262 ||| UPGRADING to ring of resist corrosion.
  1263 | D:2      | 1263 ||| READING 2 scrolls of identify.
  1263 | D:2      | 1263 ||| IDENTIFYING viscous inky potion
  1264 | D:2      | 1264 ||| READING scroll of identify.
  1264 | D:2      | 1264 ||| IDENTIFYING 2 bubbling grey potions
  1265 | D:2      | 1265 ||| READING 2 scrolls labelled UCUFUTW NARE.
  1266 | D:2      | 1266 ||| READING scroll labelled SIDAJO YB SYTY.
  1266 | D:2      | 1266 ||| ENCHANTING +0 shortbow.
  1267 | D:2      | 1267 ||| READING scroll labelled MUBLUM KOCI.
  1268 | D:2      | 1268 ||| DROPPING scroll of amnesia.
  1269 | D:2      | 1269 ||| DROPPING 2 potions of berserk rage.
  2101 | D:3      | 2101 ||| READING 2 scrolls of identify.
  2101 | D:3      | 2101 ||| IDENTIFYING 2 emerald potions
  2102 | D:3      | 2102 ||| READING scroll of identify.
  2102 | D:3      | 2102 ||| IDENTIFYING scroll labelled ATAATIHOIJ
  2103 | D:3      | 2103 ||| DROPPING scroll of blinking.
  2115 | D:4      | 2115 ||| PLANNING SEWER
  2191 | D:4      | Found an opulent altar of Gozag.
  2238 | D:4      | 2238 ||| RETREEEEATING.
  2239 | D:4      | 2239 ||| RETREEEEATING.
  2251 | D:4      | Killed from afar by an orc wizard

Levels and vault maps discovered:
D:1:      minmay_arrival_floating_metal, layout_basic, chequers_mini_garden,
          nrook_campfire
D:2:      layout_basic
D:3:      layout_loops_corners
D:4:      layout_loops_ring, mainiacjoe_overflow_alcove_4,
          kennysheep_slug_shrine, mainiacjoe_overflow_chevrons, temple_doors_e,
          cheibrodos_sewer_entry_bend

Skill      XL: |  1  2  3  4 |
---------------+-------------+-----
Dodging        | 3 4 5 |  5.0
Ranged Weapons | 5 |  5.0
Fighting       | |  1.9
Stealth        | |  1.5

Action                     |  1- 3 |  4- 6 || total
---------------------------+-------+-------++-------
   Fire: Shortbow          |   137 |    78 ||   215
    Use: Scroll            |     3 |     7 ||    10
 Armour: Robe              |     9 |     9 ||    18
  Dodge: Dodged            |    56 |    25 ||    81

Table legend:
 A = Non-vault XP
 B = Vault XP
 C = Vault XP percentage of total XP
 D = Non-vault monster count
 E = Vault monster count
 F = Vault count percentage of total count
                 A         B        C        D         E       F
            +---------+---------+-------+---------+---------+-------
      Total |     212 |       0 |   0.0 |      63 |       0 |   0.0
            +---------+---------+-------+---------+---------+-------
        D:1 |      39 |       0 |   0.0 |      22 |       0 |   0.0
        D:2 |      63 |       0 |   0.0 |      19 |       0 |   0.0
        D:3 |      44 |       0 |   0.0 |      14 |       0 |   0.0
        D:4 |      66 |       0 |   0.0 |       8 |       0 |   0.0
            +---------+---------+-------+---------+---------+-------
